 Dungeon Crawl Stone Soup version 0.32-a0-876-gcfddb08e57 (webtiles) character file.

Game seed: 866151300203417304

257 Griffin23 the Trooper (level 5, -1/48 HPs)
             Began as a Minotaur Fighter on Apr 1, 2024.
             Was a High Priest of Ignis.
             Slain by Pikel
             ... wielding a +0 whip of freezing
              (2 damage)
             ... on level 4 of the Dungeon.
             The game lasted 00:05:14 (3205 turns).

Griffin23 the Trooper (Minotaur Fighter)            Turns: 3205, Time: 00:05:16

Health: -1/48      AC:  7    Str: 23    XL:     5   Next: 93%
Magic:  4/4        EV:  8    Int:  5    God:    Ignis [*****.]
Gold:   215        SH:  4    Dex:  9    Spells: 4/4 levels left

rFire   + . .        a - +0 long sword
rCold   . . .        c - +0 buckler
rNeg    . . .        b - +0 scale mail
rPois   .            (helmet restricted)
rElec   .            (no cloak)
rCorr   .            (no gloves)
SInv    .            (no boots)
Will    .....        (no amulet) Stlth
                     (no ring)
HPRegen 0.28/turn    (no ring)
MPRegen 0.09/turn

%: no passive effects
@: no status effects
A: horns 2, retaliatory headbutt
a: Renounce Religion, Fiery Armour, Foxfire Swarm, Rising Flame


You were on level 4 of the Dungeon.
You worshipped Ignis.
Ignis was extremely pleased with you.
You visited 1 branch of the dungeon, and saw 4 of its levels.

You collected 265 gold pieces.
You spent 50 gold pieces at shops.

Inventory:

Hand Weapons
 a - a +0 long sword (weapon)
Armour
 b - a +0 scale mail (worn)
 c - a +0 buckler (worn)
Jewellery
 i - a ring of fire
 k - a +6 ring of intelligence
Wands
 m - a wand of charming (9)
 n - a wand of digging (9)
 q - a wand of flame (47)
Scrolls
 f - 2 scrolls of enchant armour {unknown}
 g - 5 scrolls of identify {unknown}
 j - a scroll of fear {unknown}
 l - a scroll of blinking {unknown}
 p - a scroll of immolation {unknown}
Potions
 d - a potion of might
 e - 4 potions of curing {unknown}
 h - 2 potions of heal wounds
 o - 2 potions of berserk rage {unknown}


   Skills:
 + Level 5.1 Fighting
 + Level 4.3 Long Blades
 + Level 5.0 Armour
 + Level 5.0 Shields


You had 4 spell levels left.
You didn't know any spells.
Your spell library contained the following spells:

 Spells                   Type           Power      Damage    Failure   Level
 Kiss of Death            Conj/Necr      0%         2d5       83%         1
 Confusing Touch          Hex            0%         N/A       99%         3
 Volatile Blastmotes      Fire/Tloc      0%         2d10      99%         3
 Dispel Undead            Necr           0%         3d6       100%        4
 Fulminant Prism          Conj/Alch      0%         3d5       100%        4
 Iskenderun's Mystic Bla Conj/Tloc 0%             2d3        (+2d1     100%        4


Dungeon Overview and Level Annotations

Branches:
Dungeon (4/15)
 Temple: D:4-7

Altars:
Makhleb
Sif Muna
Ignis

Shops:
D:2 *

Annotations:
D:4 2 runed translucent doors, Pikel


Innate Abilities, Weirdness & Mutations

You have a pair of horns on your head.
You reflexively headbutt those who attack you in melee.


Message History

The ogre hits you with a +0 giant club.
There are monsters nearby!
You hit the ogre but do no damage.
The ogre is lightly wounded.
A lemure comes into view.
The lemure shouts!
You slash the ogre!
The ogre is moderately wounded.
You hear a shout!
You block the ogre's attack.
You hit the ogre.
The ogre is moderately wounded.
The lemure hits you! The ogre hits you but does no damage.
The lemure closely misses you.
You slash the ogre!
The ogre is severely wounded.
The ogre hits you with a +0 giant club.
Pikel hits you with a +0 whip of freezing.
Pikel freezes you. The lemure closely misses you. You furiously retaliate!
You headbutt the lemure! You barely miss the ogre.
The ogre is severely wounded.
A lemure comes into view.
Pikel hits you with a +0 whip of freezing.
Pikel freezes you. The lemure barely misses you.
You barely miss the ogre. Your headbutt misses the ogre.
The ogre is severely wounded.
The ogre hits you with a +0 giant club!!
* * * LOW HITPOINT WARNING * * *
Pikel closely misses you. You furiously retaliate!
You headbutt Pikel. The lemure barely misses you.
You hit the ogre but do no damage. You headbutt the ogre.
The ogre is almost dead.
You block the ogre's attack.
Pikel hits you with a +0 whip of freezing.
* * * LOW HITPOINT WARNING * * *
Pikel freezes you.
You die...
Pikel says, "See you in Hell!" Ignis goes out, and joins you in death.

## ## ##. ... .. ..
.#.#.## ##
#######K......
.##########.....@55..5..
.....##.....#####O.$....
.#...............5..#.#.
.#...##.##########>.#
.######.# ..# .# #)# ..#
.# #.# ..
.######.####### ##.
...............


You could see Pikel, an ogre and 4 lemures.

Vanquished Creatures
  A bombardier beetle (D:4)
  An orc priest (D:3)
  A jelly (D:4)
  Ijyb (D:4)
  2 orc wizards (D:3)
  3 adders
  A dart slug (D:3)
  9 orcs (D:3)
  5 ball pythons
  2 bats
  4 endoplasms
  5 giant cockroaches
  3 goblins
  6 hobgoblins
  4 jackals (D:1)
  3 kobolds
  A quokka (D:1)
  4 frilled lizards
  4 rats
60 creatures vanquished.

Notes
Turn   | Place    | Note
-------+----------+-------------------------------------------
     0 | D:1      | Griffin23 the Minotaur Fighter began the quest for the Orb.
     0 | D:1      | Reached XP level 1. HP: 19/19 MP: 0/0
   271 | D:1      | Reached XP level 2. HP: 27/27 MP: 1/1
  1158 | D:2      | Reached XP level 3. HP: 33/33 MP: 2/2
  1423 | D:2      | Found Laigewnu's General Store.
  1431 | D:2      | Bought a potion of heal wounds for 50 gold pieces
  1622 | D:2      | Found a faded altar of an unknown god.
  1773 | D:2      | Prayed at the altar of an unknown god.
  1773 | D:2      | Became a worshipper of Ignis, the Dying Flame
  1948 | D:3      | Reached XP level 4. HP: 26/41 MP: 3/3
  2137 | D:3      | Found a shimmering blue altar of Sif Muna.
  2138 | D:3      | Found a burning altar of Makhleb.
  2459 | D:3      | Reached XP level 5. HP: 47/47 MP: 4/4
  3094 | D:4      | Found a runed translucent gate.
  3095 | D:4      | Found a runed translucent gate.
  3103 | D:4      | Reached skill level 5 in Fighting
  3130 | D:4      | Noticed Ijyb
  3145 | D:4      | Killed Ijyb
  3146 | D:4      | Reached skill level 5 in Armour
  3146 | D:4      | Reached skill level 5 in Shields
  3195 | D:4      | Noticed an ogre
  3196 | D:4      | Noticed a lemure
  3197 | D:4      | Noticed Pikel
  3197 | D:4      | Noticed a lemure
  3199 | D:4      | Noticed a lemure
  3203 | D:4      | Noticed a lemure
  3205 | D:4      | HP: 1/48 [Pikel/+0 whip of freezing (5)]
  3205 | D:4      | Slain by Pikel

Illustrated notes

Levels and vault maps discovered:
D:1:      ncdulo_wetmaze, layout_basic, serial_bayou, serial_bayou_ford_a,
          serial_bayou_pond_a, serial_bayou_shore_a, serial_bayou_pond_d,
          st_stairs_7, skrybe_limestone_x
D:2:      layout_basic, serial_shops, shop,
          shapermc_ecumenical_altar_mp_vishouse
D:3:      layout_basic, gammafunk_temple_overflow_pools
D:4:      layout_loops_ring, gammafunk_ghost_cemetery, hellmonk_no_cap,
          uniq_ijyb, uniq_pikel

Skill      XL: |  1  2  3  4  5 |
---------------+----------------+-----
Fighting       | 4 5 |  5.1
Armour         | 4 5 |  5.0
Shields        | 4 5 |  5.0
Long Blades    | 3 4 |  4.3

Action                     |  1- 3 |  4- 6 || total
---------------------------+-------+-------++-------
  Melee: Long sword        |   138 |    98 ||   236
         Headbutt          |    27 |    11 ||    38
 Armour: Scale mail        |    82 |    67 ||   149
  Dodge: Dodged            |    47 |    36 ||    83
  Block: Buckler           |    21 |    13 ||    34

Table legend: (Time is in decaauts)
 A = Elapsed time spent in this place.
 B = Non-inter-level travel time spent in this place.
 C = Inter-level travel time spent in this place.
 D = Time resting spent in this place.
 E = Time spent auto-exploring this place.
 F = Levels seen in this place.
 G = Mean time per level.
                   A        B        C        D        E       F      G
               +--------+--------+--------+--------+--------+-----+--------+
         Total |   3356 |   3191 |    165 |      0 |   2497 |   4 |  839.0 |
       Dungeon |   3356 |   3191 |    165 |      0 |   2497 |   4 |  839.0 |
               +--------+--------+--------+--------+--------+-----+--------+

Top non-repeatable levels by time:
     D:1: 1182 daAuts
     D:3: 1103 daAuts
     D:2: 741 daAuts
     D:4: 329 daAuts
